 Dungeon Crawl Stone Soup version 0.30.1-3-gfc49f6343a (webtiles) character file.

Game seed: 2323272897027848358

819 Inchmeat the Trooper (level 7, -3/58 HPs)
             Began as a Demonspawn Monk on July 25, 2023.
             Slain by an ice beast (6 damage)
             ... on level 4 of the Dungeon.
             The game lasted 00:11:03 (4225 turns).

Inchmeat the Trooper (Demonspawn Monk)              Turns: 4225, Time: 00:11:03

Health: -3/58      AC:  3    Str: 11    XL:     7   Next: 63%
Magic:  15/15      EV: 12    Int: 18    God:
Gold:   225        SH:  4    Dex: 15    Spells: 15/17 levels left

rFire   + + .        m - +1 trident (heavy)
rCold   + . .        (no shield)
rNeg    . . .        u - +0 leather armour
rPois   +            (no helmet)
rElec   +            e - +0 cloak
rCorr   +            (no gloves)
SInv    .            a - +0 pair of boots
Will    .....        (no amulet)
Stlth   +            (no ring)
HPRegen 0.29/turn    (no ring)
MPRegen 0.28/turn

%: no passive effects
@: mighty, resistant
A: magic regeneration, big brain 2, condensation shield, demonic touch 1,
deformed body, fire resistance 1, MP-powered wands
a: no special abilities


You were on level 4 of the Dungeon.
You visited 1 branch of the dungeon, and saw 5 of its levels.

You collected 225 gold pieces.

Inventory:

Hand Weapons
 b - a +2 quarterstaff of chaos
 m - a +1 heavy trident (weapon)
Armour
 a - a +0 pair of boots (worn)
 d - an orb of light
 e - a +0 cloak (worn)
 u - a +0 leather armour (worn)
Magical Staves
 v - a staff of earth
Wands
 s - a wand of digging (7)
Scrolls
 f - a scroll of poison {unknown}
 j - 2 scrolls of identify
 o - a scroll of fog
 q - a scroll of noise {unknown}
Potions
 g - a potion of flight


   Skills:
 - Level 6.2 Fighting
 - Level 2.6 Maces & Flails
 - Level 2.6 Dodging
 + Level 5.9 Spellcasting


You had 15 spell levels left.
You knew the following spells:

 Your Spells              Type           Power      Damage    Failure   Level
a - Magic Dart            Conj           20%        1d4       16%         1
b - Necrotise             Necr           20%        1d5       16%         1

Your spell library contained the following spells:

 Spells                   Type           Power      Damage    Failure   Level
 Apportation              Tloc           10%        N/A       16%         1
 Summon Small Mammal      Summ           20%        N/A       16%         1
 Call Imp                 Summ           10%        N/A       24%         2
 Mephitic Cloud           Conj/Pois/Air  5%         N/A       43%         3
 Portal Projectile        Hex/Tloc       10%        N/A       43%         3
 Tukima's Dance           Hex            5%         N/A       43%         3
 Blade Hands              Tmut           2%         N/A       99%         5


Dungeon Overview and Level Annotations

Branches:
Dungeon (5/15)
 Temple: D:4-7

Altars:
Gozag
Qazlal
Xom
Yredelemnul


Innate Abilities, Weirdness & Mutations

You regenerate magic rapidly.
You have an extremely huge brain. (Int +4)
A meltable shield of frost defends you. (SH +4)
Your touch may inflict minor irresistible damage on your foes.
Armour fits poorly on your strangely shaped body.
Your flesh is heat resistant. (rF+)
You expend magic power (3 MP) to strengthen your wands.


Message History

The ice beast hits you but does no damage. x2
The ice beast attacks as you move away! The ice beast barely misses you.
The ice beast hits you but does no damage.
Your icy envelope is restored.
The ice beast hits you.
* * * LOW HITPOINT WARNING * * *
The ice beast freezes you. You resist.
* * * LOW HITPOINT WARNING * * *
Okay, then.
Okay, then.
Aiming: Mindburst
Press: ? - help, Shift-Dir - straight line, f - ice beast
Aim: an ice beast (chance to affect: 71%)
You feel a surge of power!
The ice beast struggles to resist.
The now-empty wand crumbles to dust.
You block the ice beast's attack.
Unknown command.
Aiming: Dig
Press: ? - help, Shift-Dir - straight line, f - you, p - ice beast Please select a direction to dig.
Okay, then.
Okay, then.
The ice beast barely misses you.
You closely miss the ice beast. You block the ice beast's attack.
The ice beast hits you.
* * * LOW HITPOINT WARNING * * *
The ice beast freezes you. You resist.
* * * LOW HITPOINT WARNING * * *
The ice beast barely misses you.
You completely miss the ice beast. The ice beast barely misses you. x2
You impale the ice beast!!
The ice beast is almost dead.
You feel yourself speed up. You block the ice beast's attack.
The ice beast closely misses you.
The ice beast hits you but does no damage.
You barely miss the ice beast.
The ice beast is almost dead.
You block the ice beast's attack. The ice beast hits you.
* * * LOW HITPOINT WARNING * * *
The ice beast freezes you. You resist.
You die...

#.# #..... #.#
#)#).. ##.##
#.<... #.#.#
#####. ##>## ##
#.# # #.# # #Y# #
#@# ######### #.#
#...).... #.#
#..###### #.# #..#
# #.# #..# # #.#
#..# #
#.########..######
#...............##
##########..###...


You could see an ice beast.

Vanquished Creatures
  Edmund (D:4)
  An ice beast (D:5)
  An ogre (D:4)
  A phantom (D:4)
  A scorpion (D:4)
  2 jellies
  An orc priest (D:4)
  A sleepcap (D:5)
  Crazy Yiuf (D:3)
  An iguana (D:5)
  An orc wizard (D:3)
  3 gnolls
  8 adders
  3 worms
  2 dart slugs (D:1)
  10 orcs
  A bat (D:1)
  5 endoplasms
  3 giant cockroaches
  3 goblins
  2 hobgoblins (D:4)
  5 jackals
  5 kobolds
  3 quokkas
  5 ball pythons
  4 frilled lizards
  3 rats
77 creatures vanquished.

Notes
Turn   | Place    | Note
-------+----------+-------------------------------------------
     0 | D:1      | Inchmeat the Demonspawn Monk began the quest for the Orb.
     0 | D:1      | Reached XP level 1. HP: 18/18 MP: 1/1
   147 | D:1      | Gained mutation: You have an unusually large brain. (Int
                  | +2) [demonic ancestry]
   147 | D:1      | Reached XP level 2. HP: 9/24 MP: 2/2
   480 | D:1      | Reached skill level 4 in Fighting
  1043 | D:2      | Gained mutation: You have an extremely huge brain. (Int +4)
                  | [demonic ancestry]
  1043 | D:2      | Reached XP level 3. HP: 30/30 MP: 3/3
  1788 | D:4      | Reached skill level 5 in Fighting
  1788 | D:4      | Gained mutation: Your touch may inflict minor irresistible
                  | damage on your foes. [demonic ancestry]
  1788 | D:4      | Reached XP level 4. HP: 14/39 MP: 4/4
  2015 | D:4      | Reached XP level 5. HP: 46/46 MP: 5/5
  2026 | D:4      | Found a stormy altar of Qazlal.
  2028 | D:4      | Found an opulent altar of Gozag.
  2046 | D:4      | Found a basalt altar of Yredelemnul.
  2059 | D:4      | Noticed Edmund
  2115 | D:3      | Reached skill level 6 in Fighting
  2727 | D:3      | Found a runed translucent door.
  2728 | D:3      | Noticed Crazy Yiuf
  2896 | D:3      | Killed Crazy Yiuf
  2897 | D:3      | Reached skill level 1 in Spellcasting
  3111 | D:4      | Found a shimmering altar of Xom.
  3135 | D:4      | Killed Edmund
  3136 | D:4      | Gained mutation: You regenerate magic rapidly. [demonic
                  | ancestry]
  3136 | D:4      | Reached XP level 6. HP: 19/52 MP: 7/10
  3453 | D:4      | Gained mutation: A meltable shield of frost defends you.
                  | (SH +4) [demonic ancestry]
  3453 | D:4      | Reached XP level 7. HP: 35/58 MP: 12/14
  3711 | D:4      | Learned a level 1 spell: Magic Dart
  3713 | D:4      | Learned a level 1 spell: Necrotise
  3760 | D:5      | Entered Level 5 of the Dungeon
  3896 | D:5      | Reached skill level 5 in Spellcasting
  4197 | D:5      | Gained mutation: Armour fits poorly on your strangely
                  | shaped body. [potion of mutation]
  4197 | D:5      | Gained mutation: Your flesh is heat resistant. (rF+)
                  | [potion of mutation]
  4197 | D:5      | Gained mutation: You expend magic power (3 MP) to
                  | strengthen your wands. [potion of mutation]
  4197 | D:5      | HP: 2/58 [orc wizard/magic dart (7)]
  4225 | D:4      | Slain by an ice beast

Illustrated notes

Levels and vault maps discovered:
D:1:      psy_arrival_whirlpool, layout_loops_ring
D:2:      layout_basic, bh_walls_and_bars
D:3:      layout_rooms, uniq_crazy_yiuf_cottage
D:4:      layout_loops_ring, overflow_temple_1_default, kennysheep_mini_moat,
          nicolae_overflow_hidden_temple, uniq_edmund
D:5:      layout_basic, kennysheep_generic_room_12, uniq_prince_ribbit1

Skill      XL: |  1  2  3  4  5  6  7 |
---------------+----------------------+-----
Fighting       | 4 5 6 |  6.2
Spellcasting   | 3 4 5 |  5.9
Maces & Flails | |  2.6
Dodging        | |  2.6

Action                     |  1- 3 |  4- 6 |  7- 9 || total
---------------------------+-------+-------+-------++-------
  Melee: Short sword       |    12 |       |       ||    12
         Mace              |    71 |       |       ||    71
         Trident           |    13 |    63 |    38 ||   114
         Touch             |       |       |     5 ||     5
         Punch             |       |       |     1 ||     1
   Cast: Magic Dart        |       |       |     6 ||     6
         Necrotise         |       |       |     3 ||     3
  Evoke: Wand              |       |    14 |     1 ||    15
    Use: Scroll            |       |     6 |     1 ||     7
         Potion            |       |       |     8 ||     8
 Armour: Robe              |     9 |       |       ||     9
         Ring mail         |     5 |     7 |       ||    12
         Leather armour    |       |     6 |    27 ||    33
  Dodge: Dodged            |    79 |    42 |    58 ||   179
  Block: Other             |       |       |    21 ||    21
